[Event "*** SCC Grand Prix: Titled Tuesday Blitz"]
[Site "Chess.com"]
[Date "2020.09.08"]
[Round "9"]
[White "Nikithebest"]
[Black "annamaja"]
[Result "1-0"]
[WhiteElo "2444"]
[BlackElo "2296"]
[TimeControl "180+1"]
[EndTime "11:47:12 PDT"]
[Termination "Nikithebest won on time"]

1. e4 e6 2. Qe2 c5 3. Nf3 Nc6 4. g3 Nge7 5. c3 d5 6. d3 g6 7. h4 h5 8. Bg2 Bg7 9. Bg5 f6 10.
Be3 d4 11. cxd4 cxd4 12. Bc1 Qc7 13. O-O e5 14. Na3 Bg4 15. Qc2 O-O 16. Bd2 Rac8 17.
Qb3+ Kh7 18. Nh2 Bd7 19. Rac1 a6 20. f4 b5 21. Nf3 Qd6 22. fxe5 Nxe5 23. Nxe5 fxe5 24.
Bb4 Qe6 25. Qxe6 Bxe6 26. Bxe7 Rxf1+ 27. Rxf1 Bxa2 28. Bh3 Rc6 29. Bb4 Bh6 30. Bd7 Be3+ 31. Kg2 Rc1 32. Bc8 Rxc8 33. g4 Rc1 34. Rf6 Rg1+ 35.
Kh2 Rxg4 36. Rxa6 Rxh4+ 37. Kg3 Rg4+ 38. Kf3 Rf4+ 39. Kg3 h4+ 40. Kg2 Rg4+ 41. Kh3 Rf4 42. Bd6 Bb3 43. Bxe5 Rf2 44. Ra7+ Kh6 45. Kxh4 Rh2+ 46.
Bxh2 g5+ 47. Kg3 Bf4+ 48. Kg2 Be3 49. Nxb5 Bc1 50. Ra6+ Kh5 51. Nxd4 Bd1 52. Rb6 Be3 53. Rb4 Kh4 54. Bg3+ Kh5 55. Bf2 Bf4 56. Ne6 Bd2 57.
Rb5 Bg4 58. Nxg5 Bxg5 59. Be3 1-0

[Event "*** SCC Grand Prix: Titled Tuesday Blitz"]
[Site "Chess.com"]
[Date "2020.09.08"]
[Round "9"]
[White "j_coca"]
[Black "NMZanette"]
[Result "0-1"]
[WhiteElo "2312"]
[BlackElo "2205"]
[TimeControl "180+1"]
[EndTime "11:47:12 PDT"]
[Termination "NMZanette won by resignation"]

1. f4 f5 2. e4 fxe4 3. d3 e3 4.
Bxe3 Nf6 5. Nf3 e6 6. Nc3 b6 7. Ne4 Bb7 8. Nfg5 Be7 9. Qf3 Nxe4 10. Nxe4 Nc6 11. c3 O-O 12. Qh3 Qe8 13. Be2 Bf6 14. O-O Ne7 15. g4 Nd5 16. Bd2 Be7 17. Rae1 Qf7 18.
Bd1 a5 19. Bc2 g6 20. Rf2 Nf6 21. Ng5 Qg7 22. d4 Nd5 23. Ne4 a4 24. Ref1 Rf7 25. Rg2 Raf8 26. f5 exf5 27. gxf5 Rxf5 28. Rxf5 Rxf5 29. Qxf5 gxf5 30. Rxg7+ Kxg7 31. Ng3 f4 32. Nf5+ Kf7 33. Nxe7 Kxe7 34. Bxa4 d6 35. Bc2 h6 36.
Kf2 Kf6 37. Bh7 Kg5 38. Bg8 Nf6 39. Be6 Ne4+ 40. Ke2 Nxd2 41. Kxd2 f3 42. Ke3 Kh4 43. d5 c6 44. c4 cxd5 45. Bxd5 Bxd5 46. cxd5 Kh3 47.
Kxf3 Kxh2 48. Kg4 Kg2 49. Kh5 Kf3 50. Kxh6 Ke4 51. Kg5 Kxd5 52. Kf4 Kd4 53. Kf3 Kd3 54. Kf2 Kc2 55. b4 Kb2 56. Ke3 Kxa2 57. Kd4 Kb3 58. b5 Kb4 59. Kd5 Kxb5 60. Kxd6 Kc4 61. Ke5 b5 62.
Ke4 Kc3 63. Ke3 b4 64. Ke2 Kc2 65. Ke1 b3 0-1

[Event "*** SCC Grand Prix: Titled Tuesday Blitz"]
[Site "Chess.com"]
[Date "2020.09.08"]
[Round "9"]
[White "Karina_Ivanova"]
[Black "laboratorio25"]
[Result "1/2-1/2"]
[WhiteElo "2272"]
[BlackElo "2397"]
[TimeControl "180+1"]
[EndTime "11:47:13 PDT"]
[Termination "Game drawn by repetition"]

1. c4 e5 2. Nc3 Nf6 3. g3 Bc5 4. Bg2 Nc6 5. e3 a6 6. Nge2 O-O 7. O-O d6 8. b3 Ba7 9. Bb2 Re8 10. d4 Bd7 11. d5 Ne7 12. e4 Nh5 13. Kh1 f5 14.
f4 exf4 15. Nxf4 Nxf4 16. Rxf4 Ng6 17. Rf1 f4 18. gxf4 Nh4 19. Qe1 Nxg2 20. Kxg2 Qf6 21.
Qg3 Bd4 22. Rae1 c5 23. Re2 Rf8 24. Nd1 Rae8 25. Bxd4 Qxd4 26. Nc3 Qf6 27. Rff2 Qh6 28. e5 Bf5 29. e6 Rf6 30. Kh1 Rg6 31. Qf3 Bg4 32.
Qe3 Bxe2 33. Qxe2 Rf6 34. Qf3 Qg6 35. f5 Qg5 36. Ne4 Qc1+ 37. Rf1 Qh6 38. Nxf6+ Qxf6 39. Rg1 Kh8 40. Qg3 b5 41. Qxd6 Qxf5 42. Qd7 Qf3+ 43.
Rg2 Qd1+ 44. Rg1 Qf3+ 45. Rg2 Qf1+ 46. Rg1 Qf3+ 1/2-1/2

[Event "*** SCC Grand Prix: Titled Tuesday Blitz"]
[Site "Chess.com"]
[Date "2020.09.08"]
[Round "9"]
[White "suyu28"]
[Black "K_A_S_T_O_R"]
[Result "0-1"]
[WhiteElo "2557"]
[BlackElo "2745"]
[TimeControl "180+1"]
[EndTime "11:47:16 PDT"]
[Termination "K_A_S_T_O_R won on time"]

1. d4 d5 2. c4 c6 3. Nc3 Nf6 4. e3 e6 5. b3 Nbd7 6. Bb2 Bd6 7. Nf3 Qe7 8. Be2 O-O 9. O-O b6 10. Re1 Bb7 11. Bf1 Rad8 12. Qc2 Rfe8 13. e4 dxe4 14.
Nxe4 Nxe4 15. Qxe4 f5 16. Qc2 Nf6 17. Bd3 Qd7 18.
Rad1 c5 19. d5 exd5 20. Bxf5 Qc7 21. Rxe8+ Rxe8 22. Bxf6 gxf6 23. cxd5 Kh8 24. Be6 Qg7 25. Qf5 Qg6 26. Nh4 Qg7 27. Qh3 Qg5 28. Nf5 Be5 29. Nh6 Kg7 30. Nf5+ Kh8 31. Qf3 Rxe6 32. dxe6 Bxf3 33.
Rd8+ Qg8 34. e7 Bc6 35. Nh6 Qe8 36. Nf7+ Kg7 37. Rxe8 Bxe8 38. Nd8 Bd6 39. Ne6+ Kf7 0-1

[Event "*** SCC Grand Prix: Titled Tuesday Blitz"]
[Site "Chess.com"]
[Date "2020.09.08"]
[Round "9"]
[White "rududuyk"]
[Black "ailime26"]
[Result "1-0"]
[WhiteElo "2124"]
[BlackElo "1890"]
[TimeControl "180+1"]
[EndTime "11:47:16 PDT"]
[Termination "rududuyk won on time"]

1. e4 d5 2. exd5 Qxd5 3. Nc3 Qd6 4. Nf3 g6 5. Nb5 Qd8 6. d4 Bg7 7. Bf4 Na6 8. Bc4 Nf6 9. O-O O-O 10. h3 c6 11. Nc3 b5 12. Be2 Nc7 13. Re1 Ncd5 14. Nxd5 Nxd5 15. Bg3 a5 16. c3 Qd7 17. a4 Ba6 18. Ne5 Qb7 19. Bf3 e6 20. Nd3 bxa4 21. Rb1 Qb3 22. Nc5 Qxd1 23. Bxd1 a3 24. bxa3 Nxc3 25.
Rb6 Bxd4 26. Rxa6 Bxc5 27. Rxc6 Bd4 28. Bc2 Bg7 29. a4 Rfc8 30. Rxc8+ Rxc8 31. Bd3 Nd5 32. Bb5 Nc3 33. Kh2 Nxb5 34. axb5 Rc5 35. b6 Rb5 36.
Bc7 Bd4 37. Rd1 Bxb6 38. Rd8+ Kg7 39. Rb8 1-0

[Event "*** SCC Grand Prix: Titled Tuesday Blitz"]
[Site "Chess.com"]
[Date "2020.09.08"]
[Round "9"]
[White "exoticprincess"]
[Black "francyIM"]
[Result "1-0"]
[WhiteElo "2892"]
[BlackElo "2712"]
[TimeControl "180+1"]
[EndTime "11:47:17 PDT"]
[Termination "exoticprincess won by resignation"]

1. e4 e5 2. Nf3 Nc6 3. c3 Nf6 4. d3 d6 5. Be2 Be7 6. Nbd2 O-O 7. a4 h6 8. O-O Nh7 9. a5 a6 10.
Re1 Ng5 11. Nc4 f5 12. Nfd2 f4 13. Nf3 Nh7 14. d4 Bf6 15. dxe5 dxe5 16. Qd5+ Kh8 17. Ncxe5 Qe8 18. Nxc6 bxc6 19. Qd3 g5 20. e5 Bg7 21. Bf1 Bf5 22. Qc4 Qh5 23. Qxc6 g4 24. Nd4 g3 25.
fxg3 fxg3 26. hxg3 Rae8 27. Bf4 Bg4 28. Qxc7 Ng5 29.
Re3 Ne6 30. Nxe6 Rxe6 31. Rae1 Qe8 32. Qc5 Qa4 33. Qb4 Qe8 34. Bc4 Rg6 35. e6 Bh3 36. Qxf8+ Bxf8 37. e7 Bd7 38. exf8=Q+ Qxf8 39. Re7 Rg7 40. Rxg7 Kxg7 41. Be5+ Kg6 42. Bd4 Bg4 43. Bd3+ Kg5 44.
Re5+ Kf6 45. Rf5+ Ke7 46. Bc5+ 1-0

[Event "*** SCC Grand Prix: Titled Tuesday Blitz"]
[Site "Chess.com"]
[Date "2020.09.08"]
[Round "9"]
[White "1977Ivan"]
[Black "Sanan_Sjugirov"]
[Result "0-1"]
[WhiteElo "2639"]
[BlackElo "2844"]
[TimeControl "180+1"]
[EndTime "11:47:17 PDT"]
[Termination "Sanan_Sjugirov won by resignation"]

1. d4 Nf6 2. Nf3 d5 3. c4 e6 4. Nc3 Nbd7 5. g3 Be7 6. Bg2 O-O 7. O-O c6 8. Qd3 b6 9. b3 Ba6 10. Rd1 Qc8 11. e4 b5 12. e5 bxc4 13. Qc2 Ne8 14. Ng5 g6 15. h4 Ng7 16. Bf4 Rb8 17. bxc4 Bxc4 18. Nce4 c5 19. dxc5 Nh5 20. Nd6 Bxd6 21. cxd6 Nxf4 22. gxf4 Qc5 23. Bf1 Rfc8 24. Rac1 Qa3 25.
Qd2 Bxf1 26. Rxc8+ Rxc8 27. Rxf1 h6 28. f5 hxg5 29. fxe6 Nxe5 30. Qe2 Qxd6 31. exf7+ Nxf7 32. hxg5 Qf4 33. Re1 Qxg5+ 34. Kf1 Qh4 35. Qe6 Qh1+ 36. Ke2 Qe4+ 37. Qxe4 dxe4 38. Ke3 Rc3+ 39. Kxe4 Rc2 40. Rg1 Kg7 41. f4 Rxa2 0-1

[Event "*** SCC Grand Prix: Titled Tuesday Blitz"]
[Site "Chess.com"]
[Date "2020.09.08"]
[Round "9"]
[White "vova-79"]
[Black "jamalm2"]
[Result "1-0"]
[WhiteElo "2507"]
[BlackElo "1905"]
[TimeControl "180+1"]
[EndTime "11:47:17 PDT"]
[Termination "vova-79 won on time"]

1. d4 Nf6 2. c4 e6 3. Nc3 Bb4 4.
e3 b6 5. Ne2 Bb7 6. a3 Bxc3+ 7.
Nxc3 O-O 8. Bd3 d6 9. O-O Nbd7 10.
b4 e5 11. Qc2 Re8 12. Bb2 e4 13. Be2 a5 14. Rad1 Qe7 15. Nb5 Nf8 16. c5 bxc5 17. dxc5 d5 18. c6 Ba6 19. Bxf6 gxf6 20. Rxd5 axb4 21. axb4 Bxb5 22. Rxb5 Ng6 23. Rb7 Qe5 24. b5 Ra1 25. g3 Rxf1+ 26. Bxf1 Rd8 27. Bc4 Qa1+ 28.
Kg2 Rd1 29. Rxc7 Rg1+ 30. Kh3 Qe5 31. Bxf7+ Kg7 32. Qxe4 Qxc7 33. Bc4 Qc8+ 34. Be6 Qb8 35. Bc4 Ne5 36. Qd5 Qc8+ 37. Qe6 Qxe6+ 38. Bxe6 1-0

[Event "*** SCC Grand Prix: Titled Tuesday Blitz"]
[Site "Chess.com"]
[Date "2020.09.08"]
[Round "9"]
[White "eightbyeightchess"]
[Black "Colombiano07"]
[Result "1/2-1/2"]
[WhiteElo "2438"]
[BlackElo "2332"]
[TimeControl "180+1"]
[EndTime "11:47:18 PDT"]
[Termination "Game drawn by repetition"]

1. e4 e6 2. d4 d5 3. e5 c5 4. c3 Qb6 5. Nf3 Bd7 6. Na3 cxd4 7. cxd4 Bxa3 8. bxa3 Ne7 9. Bd3 a6 10. Rb1 Qa5+ 11.
Nd2 Bb5 12. Bxb5+ axb5 13. O-O O-O 14. Qe2 Nbc6 15. Nb3 Qa4 16. Rd1 Nf5 17. Be3 Qxa3 18. Bc1 Qxa2 19. Rb2 Qa7 20. Be3 Nxe3 21. fxe3 Na5 22.
Nxa5 Qxa5 23. Rxb5 Qc3 24. Rxb7 Ra3 25. e4 dxe4 26. Qxe4 Ra2 27. Qf3 Qxf3 28. gxf3 Rc8 29. Rdb1 g5 30. Rb8 Rxb8 31. Rxb8+ Kg7 32. Rd8 Kg6 33. d5 exd5 34. Rxd5 h5 35. Rb5 Re2 36. Rb6+ Kg7 37. Rb5 Kf8 38. e6 f6 39. f4 Rxe6 40.
fxg5 Re5 41. Rb8+ Kf7 42. gxf6 Kxf6 43. Kg2 Re3 44. Rb5 Kg6 45. Rb6+ Kg5 46. Rb5+ Kg4 47. Rb4+ Kf5 48. Rb5+ Kg4 49. Rb4+ Kg5 50. Rb5+ Kg6 51. Ra5 Rb3 52. Ra6+ Kg5 53. Ra5+ Kg4 54. Ra4+ Kg5 55.
Ra5+ Kg4 56. Ra4+ Kg5 57. Ra5+ 1/2-1/2

[Event "*** SCC Grand Prix: Titled Tuesday Blitz"]
[Site "Chess.com"]
[Date "2020.09.08"]
[Round "9"]
[White "Nils_03"]
[Black "Sn00pPawn"]
[Result "1-0"]
[WhiteElo "2259"]
[BlackElo "2005"]
[TimeControl "180+1"]
[EndTime "11:47:18 PDT"]
[Termination "Nils_03 won on time"]

1. b3 d5 2. Bb2 c5 3. e3 Nc6 4.
Nf3 f6 5. d4 Bg4 6. h3 Bxf3 7.
Qxf3 e5 8. dxe5 fxe5 9. Bb5 Nf6 10. Bxc6+ bxc6 11. Bxe5 Be7 12. O-O Rf8 13. Qe2 Kf7 14.
c4 Kg8 15. Nc3 Qd7 16. Rad1 Qe6 17. Bxf6 Qxf6 18. Qd3 dxc4 19. Qxc4+ Kh8 20. Ne4 Qe5 21.
Rc1 Rad8 22. Nxc5 Bxc5 23. Qxc5 Qxc5 24. Rxc5 Rd2 25. Ra5 Rf7 26. f3 h6 27. Rf2 Rd1+ 28. Kh2 Re1 29. e4 Rc1 30. Rd2 Kh7 31. Ra6 c5 32.
Ra5 Rc7 33. Kg3 c4 34. bxc4 R1xc4 35. Rd6 R4c6 36. Rxc6 Rxc6 37. Rxa7 Rg6+ 38. Kf2 Rb6 39. a4 Rb2+ 40. Kg3 Kg6 41. a5 Ra2 42. f4 Kf6 43. Kf3 Ra3+ 44. Kg4 Ra4 45. e5+ Ke6 46. Ra6+ Kf7 47.
g3 g6 48. h4 h5+ 49. Kg5 Ra3 50. Ra7+ Ke6 51. Ra6+ Kf7 52. Rf6+ Ke7 53. Rxg6 Rxg3+ 54. Kxh5 Ra3 55. Ra6 Ra4 56. f5 Kf7 57. Ra7+ Kg8 58. Kg5 Rb4 59. h5 Rc4 60. e6 Kf8 61. Kf6 Rc8 62.
Rf7+ Kg8 63. Rg7+ Kh8 64. Rf7 1-0

[Event "*** SCC Grand Prix: Titled Tuesday Blitz"]
[Site "Chess.com"]
[Date "2020.09.08"]
[Round "9"]
[White "daro94"]
[Black "Fandorine"]
[Result "1-0"]
[WhiteElo "2980"]
[BlackElo "2913"]
[TimeControl "180+1"]
[EndTime "11:47:20 PDT"]
[Termination "daro94 won by resignation"]

1. Nf3 Nf6 2. b3 g6 3. Bb2 Bg7 4. g3 b6 5. Bg2 Bb7 6. O-O c5 7. c4 O-O 8. d4 cxd4 9. Qxd4 d6 10. Nc3 Nbd7 11. Rfd1 Rc8 12. Rac1 Rc5 13. Ne1 Qa8 14. Nd5 Re8 15. Nxf6+ Bxf6 16. Qd2 Bxb2 17. Qxb2 Nf6 18. Bxb7 Qxb7 19. Nd3 Rc7 20. a4 Qe4 21.
Nf4 Rec8 22. Rc3 Qe5 23. Qc2 a6 24. Re3 Qc5 25. Qb2 Rb7 26. Rxe7 Rxe7 27. Qxf6 Rce8 28.
Rd5 Qa3 29. Nh5 Qc1+ 30. Kg2 Qh6 31. Nf4 Qg7 32. Qxd6 h5 33. h4 Qb2 34. Rd3 Kg7 35.
Qxb6 Re4 36. Rf3 R8e7 37. Nd5 Rd7 38. Qf6+ Qxf6 39. Nxf6 Rde7 40. Nxe4 Rxe4 41. Re3 Rd4 42. Rd3 Re4 43. e3 Re6 44. b4 Rb6 45. b5 a5 46.
c5 Rd6 47. cxd6 1-0

[Event "*** SCC Grand Prix: Titled Tuesday Blitz"]
[Site "Chess.com"]
[Date "2020.09.08"]
[Round "9"]
[White "frederiksvane"]
[Black "TigrVShlyape"]
[Result "1/2-1/2"]
[WhiteElo "2684"]
[BlackElo "2809"]
[TimeControl "180+1"]
[EndTime "11:47:20 PDT"]
[Termination "Game drawn by repetition"]

1. e4 c5 2. Nf3 e6 3. d4 cxd4 4.
Nxd4 a6 5. Nc3 b5 6. Bd3 Qb6 7. Nb3 Qc7 8. O-O Bb7 9. Re1 Ne7 10. a4 b4 11. Na2 Nbc6 12. Bd2 Ng6 13. c3 bxc3 14.
Bxc3 Bd6 15. g3 O-O 16. Bf1 Be5 17. Nc5 d6 18. Nxb7 Qxb7 19. Rb1 Rfd8 20. Qd2 Bxc3 21. Nxc3 Nge5 22. Kg2 Qb4 23. Red1 h6 24. b3 Ng4 25. h3 Nf6 26. Qe3 Qb7 27. Kg1 Rab8 28. Na2 a5 29.
Bb5 Ne7 30. Nc3 d5 31. exd5 Nexd5 32. Nxd5 Nxd5 33. Qf3 Qb6 34. Bc4 Nb4 35. Rxd8+ Rxd8 36. Rd1 Rxd1+ 37. Qxd1 g5 38. Qd7 Qc5 39. Kg2 Qe5 40. Qb5 Qe4+ 41. Kg1 Nc6 42. Bd3 Qd5 43. Bc4 Qd6 44.
Qb6 Qd1+ 45. Kg2 Nd4 46. Qxa5 Qf3+ 47. Kg1 Qd1+ 48. Kg2 Qf3+ 49. Kg1 Qd1+ 50. Kg2 1/2-1/2

[Event "*** SCC Grand Prix: Titled Tuesday Blitz"]
[Site "Chess.com"]
[Date "2020.09.08"]
[Round "9"]
[White "Bacyanide"]
[Black "GothamChess"]
[Result "0-1"]
[WhiteElo "2418"]
[BlackElo "2571"]
[TimeControl "180+1"]
[EndTime "11:47:20 PDT"]
[Termination "GothamChess won by resignation"]

1. d4 e6 2. c4 b6 3. Nf3 Bb7 4. g3 Bb4+ 5. Bd2 Bxd2+ 6. Nbxd2 f5 7. Bg2 Nf6 8. O-O O-O 9. Qc2 Qc8 10. d5 exd5 11.
Qxf5 Ne4 12. Qe5 d6 13. Qd4 c5 14. Qd3 dxc4 15. Nxc4 d5 16. Nfd2 Qe6 17. Nxe4 dxe4 18. Qc3 Nc6 19. e3 Rad8 20. Rad1 h6 21. a3 Ne7 22. Qe5 Qxe5 23. Nxe5 Kh7 24. Nc4 Ba6 25. Bxe4+ Kh8 26. Rc1 Nf5 27. Rfe1 Bxc4 28. Rxc4 Nd6 29. Bd5 Nxc4 30. Bxc4 Rd2 31. Re2 Rxe2 32. Bxe2 Rd8 33.
b3 Rd2 34. Bc4 g5 35. a4 g4 36. Be6 Rb2 37. Kf1 Kg7 38. Bxg4 Rxb3 39. Ke2 a6 40. f4 b5 41. axb5 axb5 42. e4 c4 43. e5 Rb2+ 44. Ke3 Rxh2 45. f5 c3 46. f6+ Kg6 47. Bd7 c2 48.
Be8+ Kg5 49. f7 c1=Q+ 50. Ke4 0-1

[Event "*** SCC Grand Prix: Titled Tuesday Blitz"]
[Site "Chess.com"]
[Date "2020.09.08"]
[Round "9"]
[White "indfraeng"]
[Black "FMalexhdez"]
[Result "1-0"]
[WhiteElo "2340"]
[BlackElo "2215"]
[TimeControl "180+1"]
[EndTime "11:47:20 PDT"]
[Termination "indfraeng won on time"]

1. d4 Nf6 2. c4 e6 3. g3 Bb4+ 4. Bd2 Qe7 5. Bg2 a5 6. Nf3 d6 7.
O-O Bxd2 8. Qxd2 Nbd7 9. Nc3 e5 10. e4 exd4 11. Nxd4 O-O 12. Nf5 Qe5 13. Rae1 Nc5 14.
Nd4 c6 15. f4 Qe7 16. h3 Qc7 17. g4 Re8 18. Kh1 Bd7 19. b3 h6 20. Qd1 Nh7 21.
h4 Re7 22. g5 hxg5 23. hxg5 Rae8 24. Qh5 Nf8 25. Re2 d5 26. cxd5 Nd3 27. e5 cxd5 28.
Nxd5 Qc5 29. Nxe7+ Rxe7 30. Nf3 Ng6 31. Rd2 Ndxf4 32. Qh2 Nxg2 33. Qxg2 Bc6 34. Rd8+ Re8 35. Rxe8+ Bxe8 36. Qf2 Qb4 37. Qd2 Qg4 38. Qg2 Qh5+ 39. Qh2 Qg4 40. Qg2 Qh5+ 41. Qh2 Qg4 42. e6 fxe6 43.
Qb8 1-0

[Event "*** SCC Grand Prix: Titled Tuesday Blitz"]
[Site "Chess.com"]
[Date "2020.09.08"]
[Round "9"]
[White "GianmarcoVaR"]
[Black "XDPS"]
[Result "0-1"]
[WhiteElo "2563"]
[BlackElo "2783"]
[TimeControl "180+1"]
[EndTime "11:47:21 PDT"]
[Termination "XDPS won on time"]

1. d4 d5 2. c4 e6 3. Nf3 a6 4. cxd5 exd5 5. Nc3 Nf6 6. Bg5 Be6 7. e3 Nbd7 8. Bd3 Bd6 9. O-O O-O 10. Qc2 Qb8 11.
e4 dxe4 12. Nxe4 Nxe4 13. Bxe4 h6 14. Bh4 c6 15. Rfe1 Re8 16. a3 a5 17. Rad1 a4 18. Bh7+ Kh8 19. Qb1 Bd5 20. Bf5 Nf8 21. Be4 Bb3 22.
Rd2 Bf4 23. Rde2 Qd6 24. Qd3 Qc7 25. Ne5 f6 26. Nf3 Rad8 27. Bg3 Bxg3 28. hxg3 Qb6 29.
Bf5 Rxe2 30. Qxe2 Bf7 31. Qe7 Kg8 32. Re2 Re8 33. Qxe8 Bxe8 34. Rxe8 Kf7 35. Re2 Qb3 36. Bc2 Qc4 37. Rd2 b5 38. Be4 Qe6 39. Bd3 Qd5 40.
Re2 Ne6 41. Nh4 Nf8 42. Be4 Qxd4 43. Kh2 Qc5 44. Rc2 Qh5 0-1

[Event "*** SCC Grand Prix: Titled Tuesday Blitz"]
[Site "Chess.com"]
[Date "2020.09.08"]
[Round "9"]
[White "MarceloPlaya"]
[Black "maximnovik"]
[Result "0-1"]
[WhiteElo "2359"]
[BlackElo "2503"]
[TimeControl "180+1"]
[EndTime "11:47:21 PDT"]
[Termination "maximnovik won on time"]

1. e4 c6 2. d4 d5 3. e5 Bf5 4.
g4 Bd7 5. Nc3 c5 6. Be3 cxd4 7.
Bxd4 Nc6 8. Be2 h5 9. gxh5 Nh6 10. Nf3 Nf5 11. Qd2 Rxh5 12. O-O-O g6 13. Kb1 Bh6 14. Qe1 Rh3 15. Bc5 e6 16. Nd4 Ncxd4 17. Bxd4 Rc8 18. Bg4 Rh4 19. Bxf5 gxf5 20. Rg1 Rg4 21. f3 Rg6 22. Rxg6 fxg6 23. Qg1 Kf7 24. Bxa7 Rxc3 25. bxc3 Bb5 26. Be3 Bg7 27. Bd4 Be2 28. Re1 Bxf3 29. Qe3 Be4 30.
Rg1 Qh4 31. Qg3 Qxg3 32. hxg3 g5 33. a4 Kg6 34. a5 Kh5 35. Kc1 Kg4 36. Kd2 Kf3 37.
Be3 Bxe5 38. Bxg5 Bxg3 39. Be3 f4 40. Bc5 Bf5 41. Rb1 e5 42. Rxb7 e4 43. a6 e3+ 44.
Kc1 e2 45. Re7 Be4 46. a7 e1=Q+ 47. Kb2 d4 48. Bxd4 Qe2 49. a8=Q Qb5+ 50. Kc1 Bxa8 0-1

[Event "*** SCC Grand Prix: Titled Tuesday Blitz"]
[Site "Chess.com"]
[Date "2020.09.08"]
[Round "9"]
[White "Harsha_Bharathakoti"]
[Black "SergeyKarjakin"]
[Result "0-1"]
[WhiteElo "2800"]
[BlackElo "2963"]
[TimeControl "180+1"]
[EndTime "11:47:23 PDT"]
[Termination "SergeyKarjakin won by resignation"]

1. d4 Nf6 2. c4 e6 3. Nf3 b6 4. g3 Bb4+ 5. Bd2 c5 6. Bg2 Bb7 7.
Bxb4 cxb4 8. a3 bxa3 9. Nxa3 O-O 10. O-O d5 11. Ne5 Nbd7 12. Nd3 Qe7 13. Qa4 Rfc8 14. Rac1 Bc6 15. Qb4 Kf8 16. cxd5 Bxd5 17. Nb5 Bxg2 18. Kxg2 a5 19. Qa3 Ne4 20. Rfd1 Qxa3 21. bxa3 Ke7 22. Ne5 Rxc1 23. Rxc1 Nxe5 24. dxe5 Nc5 25. Nd6 f6 26. Nc4 Nd7 27. Rb1 Rc8 28. exf6+ gxf6 29. Ne3 Rc3 30.
Ra1 Nc5 31. Rb1 Na4 32. Ra1 Kd6 33. g4 b5 34. h4 Rb3 35. Kf3 Nc3 36. g5 f5 37. h5 Ke7 38. Kf4 Nxe2+ 39. Ke5 Rc3 40. g6 Rc5+ 0-1

[Event "*** SCC Grand Prix: Titled Tuesday Blitz"]
[Site "Chess.com"]
[Date "2020.09.08"]
[Round "9"]
[White "SilviusTiberius"]
[Black "Ermito2020"]
[Result "0-1"]
[WhiteElo "2474"]
[BlackElo "2638"]
[TimeControl "180+1"]
[EndTime "11:47:24 PDT"]
[Termination "Ermito2020 won by resignation"]

1. e4 c6 2. d4 d5 3. exd5 cxd5 4. Bd3 Nc6 5. c3 Nf6 6. Bf4 g6 7. Nd2 Bf5 8. Bxf5 gxf5 9. Ne2 e6 10. Nf3 Bg7 11.
Nc1 Ne4 12. Nd3 Qb6 13. Qe2 Rc8 14. h3 h5 15. Nde5 Nxe5 16. Nxe5 h4 17. O-O Bf6 18.
a4 Ke7 19. a5 Qd8 20. a6 b6 21. Rac1 Bxe5 22. Bxe5 f6 23. Bf4 Kf7 24. Rfe1 Qd7 25. f3 Nd6 26. Rc2 Rcg8 27. Qf2 Ne8 28. Rce2 Ng7 29. Bh2 Re8 30. Qe3 Nh5 31. Qf2 f4 32. Rd2 Qd6 33. b3 Ng3 34. Bxg3 hxg3 35. Qe2 e5 36.
dxe5 Rxe5 37. Qd1 Qc5+ 38. Kf1 Rhe8 39. Rde2 Qxc3 40. Rxe5 Rxe5 41. Rxe5 Qxe5 42. Qc2 Kg7 43. Qc8 Qe3 44. Qc7+ Kh6 45. Qc2 d4 46. Qb2 Kg7 47.
h4 d3 48. h5 d2 49. h6+ Kg6 0-1

[Event "*** SCC Grand Prix: Titled Tuesday Blitz"]
[Site "Chess.com"]
[Date "2020.09.08"]
[Round "9"]
[White "annacramling"]
[Black "eCztery"]
[Result "0-1"]
[WhiteElo "2146"]
[BlackElo "2307"]
[TimeControl "180+1"]
[EndTime "11:47:24 PDT"]
[Termination "eCztery won by resignation"]

1. d4 Nf6 2. c4 e6 3. Nc3 d5 4. cxd5 exd5 5. Bg5 Nbd7 6. e3 Bb4 7.
Bd3 O-O 8. Qc2 h6 9. Bh4 c5 10. Nf3 c4 11. Be2 Qa5 12. O-O Bxc3 13. bxc3 Ne4 14.
Rac1 Re8 15. Nd2 Nxd2 16. Qxd2 g5 17. Bg3 Nf6 18. Bf3 Bf5 19. h3 Rad8 20. Be5 Qa6 21.
Qb2 Ne4 22. Be2 f6 23. Bh2 b6 24. f4 Bg6 25. fxg5 hxg5 26. Bd1 Kg7 27. Qe2 Qa3 28. Bc2 Nxc3 29. Qf3 Rf8 30. Bxg6 Kxg6 31. Qf5+ Kg7 32. h4 Ne2+ 33. Kh1 Nxc1 34. hxg5 Qxe3 35. gxf6+ Kf7 36. Qh7+ Ke8 37. f7+ Kd7 38. Qf5+ Kc6 39. Qf6+ Rd6 40. Qf3 Qxf3 41. gxf3 Nd3 42. Bxd6 Kxd6 43. f4 Rxf7 44. f5 Ke7 45. f6+ Rxf6 46. Re1+ Nxe1 0-1

[Event "*** SCC Grand Prix: Titled Tuesday Blitz"]
[Site "Chess.com"]
[Date "2020.09.08"]
[Round "9"]
[White "GaboSalazar2001"]
[Black "MPGM"]
[Result "0-1"]
[WhiteElo "2353"]
[BlackElo "2480"]
[TimeControl "180+1"]
[EndTime "11:47:25 PDT"]
[Termination "MPGM won by resignation"]

1. e4 c6 2. Nc3 d5 3. Nf3 dxe4 4. Nxe4 Nf6 5. Qe2 Nxe4 6. Qxe4 Qd5 7. Qf4 Qf5 8. Qxf5 Bxf5 9. Nd4 Bg6 10. d3 Nd7 11. Be2 O-O-O 12. Nf3 e5 13. Nh4 Be7 14. Nxg6 hxg6 15.
Be3 Bc5 16. Bxc5 Nxc5 17. Bf3 f5 18. O-O-O g5 19. h3 a5 20. g4 f4 21. Rde1 Rde8 22.
Re2 Kc7 23. Bg2 Kd6 24. Rhe1 f3 25. Bxf3 Rxh3 26. Re3 Rf8 27. Bd1 Rh2 28. Rxe5 Rfxf2 29. Rxg5 a4 30. a3 Rd2 31. Rxg7 Rxd3 32. Rg6+ Kc7 33.
cxd3 Nxd3+ 34. Kb1 Nxe1 35. g5 Nd3 36. Bc2 Rh1+ 37.
Ka2 Nc1+ 38. Kb1 Nb3+ 39. Bd1 Rxd1+ 40. Kc2 Rc1+ 41. Kd3 b5 42. Rg7+ Kb6 43. g6 Rg1 44. Ke3 Kc5 45. Kf2 Rg5 46. Kf3 Na5 47. Kf4 Rg1 48.
Kf5 Nc4 49. Re7 Nxb2 50. g7 Nc4 51. Kf6 Rxg7 52. Rxg7 Nxa3 53. Ke5 b4 54. Rg3 b3 55. Rc3+ Kb4 56. Rxc6 b2 57. Rb6+ Nb5 0-1

[Event "*** SCC Grand Prix: Titled Tuesday Blitz"]
[Site "Chess.com"]
[Date "2020.09.08"]
[Round "9"]
[White "GM_dmitrij"]
[Black "swimmerchess"]
[Result "1-0"]
[WhiteElo "2928"]
[BlackElo "2855"]
[TimeControl "180+1"]
[EndTime "11:47:26 PDT"]
[Termination "GM_dmitrij won by resignation"]

1. c4 Nf6 2. Nc3 g6 3. d4 Bg7 4. e4 O-O 5. Be2 d6 6. Be3 e5 7. d5 Na6 8. g4 Nc5 9. f3 h5 10. g5 Nh7 11. Qd2 f6 12. gxf6 Bxf6 13. O-O-O Bg5 14. Kb1 Bxe3 15. Qxe3 Qg5 16. Qf2 Bd7 17.
h4 Qf4 18. Qg2 Kg7 19. Rf1 Rf6 20. Bd1 Raf8 21. Bc2 Qe3 22. Rh2 Bg4 23. Qf2 Qxf2 24.
Rhxf2 g5 25. b4 Na6 26. a3 gxh4 27. Rh2 Ng5 28. Rxh4 Nxf3 29. Nxf3 Rxf3 30. Rxf3 Rxf3 31. Kb2 Rh3 32. Rxh3 Bxh3 33. Kc1 Bg2 34. Kd2 Kg6 35. Ke3 c6 36. dxc6 bxc6 37. Ba4 Nb8 38. b5 c5 39. Bd1 Nd7 40. a4 h4 41. a5 h3 42.
Kf2 Nf6 43. Bf3 Bxf3 44. Kxf3 Ne8 45. Nd5 Kf7 46. b6 axb6 47. a6 1-0

[Event "*** SCC Grand Prix: Titled Tuesday Blitz"]
[Site "Chess.com"]
[Date "2020.09.08"]
[Round "9"]
[White "penguingm1"]
[Black "Dr-Bassem"]
[Result "1-0"]
[WhiteElo "2949"]
[BlackElo "2770"]
[TimeControl "180+1"]
[EndTime "11:47:27 PDT"]
[Termination "penguingm1 won on time"]

1. d4 e6 2. Bf4 f5 3. Nf3 Nf6 4. c4 Bb4+ 5. Nc3 O-O 6. e3 b6 7. Qb3 a5 8. Be2 Ne4 9. h4 Bb7 10. O-O Bxc3 11. bxc3 Nc6 12. c5 a4 13. Qb2 a3 14.
Qb3 Na5 15. Qxa3 bxc5 16. dxc5 Bd5 17. Qb4 Nc6 18. Qb2 Qf6 19. Rfc1 Rfb8 20. Qc2 Ra3 21. c4 Nb4 22. Qd1 Bc6 23. Bxc7 Rba8 24. Be5 Qg6 25. Bb2 Rxa2 26. Ne5 Qf6 27. Bd4 Qxh4 28. Qe1 Nc2 29.
Nf3 Qd8 30. Rxa2 Nxe1 31. Rxa8 Nxf3+ 32. gxf3 Bxa8 33. fxe4 Bxe4 34. f3 Bc6 35. Kf2 Qh4+ 36. Kg2 f4 37. exf4 Qxf4 38. Rd1 g5 39. Bf2 g4 40.
Rd3 h5 41. Bg3 Qf5 42. Re3 gxf3+ 43. Bxf3 Qg4 44. Kf2 Bxf3 45. Rxf3 1-0